 Dungeon Crawl Stone Soup version 0.28.0 (webtiles) character file.

Game seed: 15741842331819845688

80 Alacron the Ruffian (level 4, -3/44 HPs)
             Began as a Troll Berserker on Feb 16, 2022.
             Was a Believer of Trog.
             Slain by Natasha (6 damage)
             ... on level 3 of the Dungeon.
             The game lasted 00:04:20 (1514 turns).

Alacron the Ruffian (Troll Berserker)               Turns: 1514, Time: 00:04:20

Health: -3/44      AC:  4    Str: 27    XL:     4   Next: 18%
Magic:  3/3        EV: 10    Int:  3    God:    Trog [**....]
Gold:   46         SH:  0    Dex:  9    Spells: 3/3 levels left

rFire   . . .      SeeInvis .     - Unarmed
rCold   . . .      Faith    .   (no shield)
rNeg    . . .      Spirit   .   a - +0 animal skin
rPois   .          Reflect  .   (helmet restricted)
rElec   .          Harm     .   (no cloak)
rCorr   .          Rampage  .   (gloves unavailable)
Will    .....                   (boots unavailable)
Stlth   +.........              (no amulet)
HPRegen 0.94/turn               (no ring)
MPRegen 0.08/turn               (no ring)

@: no status effects
A: large, unfitting armour, claws 3, regeneration 1, shaggy fur 1, tough skin 1
a: Renounce Religion, Berserk, Trog's Hand


You were on level 3 of the Dungeon.
You worshipped Trog.
Trog was pleased with you.
You visited 1 branch of the dungeon, and saw 3 of its levels.

You collected 46 gold pieces.

Inventory:

Armour
 a - a +0 animal skin (worn)
Jewellery
 k - an amulet of regeneration
 p - a ring of willpower
Scrolls
 d - 2 scrolls of enchant weapon {unknown}
 e - a scroll of torment {unknown}
 i - 2 scrolls of magic mapping {unknown}
 m - a scroll of blinking {unknown}
 n - a scroll of teleportation {unknown}
Potions
 b - a potion of heal wounds {unknown}
 c - 2 potions of curing {unknown}
 f - a potion of attraction {unknown}
 g - a potion of haste
 h - a potion of flight {unknown}
 j - a potion of brilliance {unknown}
 l - a potion of ambrosia {unknown}
 o - a potion of cancellation {unknown}


   Skills:
 + Level 2.9 Fighting
 + Level 3.0 Dodging
 + Level 4.0 Unarmed Combat


You had 3 spell levels left.
You didn't know any spells.
Your spell library was empty.

Dungeon Overview and Level Annotations

Branches:
Dungeon (3/15)

Altars:
Ru

Shops:
D:1 *

Annotations:
D:3 Natasha


Innate Abilities, Weirdness & Mutations

You are too large for most types of armour.
You have claws for hands.
Your natural rate of healing is unusually fast.
You are covered in fur. (AC +1)
You have tough skin. (AC +1)


Message History

The goblin hits you with a +0 dagger. Natasha claws you.
There are monsters nearby!
You are too injured to fight recklessly!
There are monsters nearby!
You are too injured to fight recklessly!
There are monsters nearby!
You are too injured to fight recklessly!
There are monsters nearby!
You are too injured to fight recklessly!
There are monsters nearby!
You are too injured to fight recklessly!
There are monsters nearby!
You are too injured to fight recklessly!
There are monsters nearby!
You are too injured to fight recklessly!
There are monsters nearby!
You are too injured to fight recklessly!
There are monsters nearby!
You are too injured to fight recklessly!
There are monsters nearby!
You are too injured to fight recklessly!
There are monsters nearby!
You are too injured to fight recklessly!
You closely miss Natasha. Your claw misses Natasha.
Natasha is lightly wounded.
Natasha completely misses you. The orc hits you with a +0 dagger.
The goblin hits you with a +0 dagger.
* * * LOW HITPOINT WARNING * * *
Unknown command.
You miss Natasha.
Natasha is lightly wounded.
Natasha closely misses you. The orc misses you. Natasha claws you!
* * * LOW HITPOINT WARNING * * *
The goblin misses you.
You scratch Natasha but do no damage.
Natasha is lightly wounded.
The orc hits you with a +0 dagger.
* * * LOW HITPOINT WARNING * * *
Natasha claws you.
You die...

.## ##.#.# #.#
#.#### #.#.# #.#
##.#.. ..#.# #.#
#.##.# #.# #.#
.###.# ## #.# .#
#.##.## #.# .###.#.#
... #.# .##...#
##..####.# .....##
#.#..oh@..#
###...###.....5go..#
##.#.#.####.###.##
#.†..# # #.# ####.#
#.# #.# #.# #.# #?.
#.# ### ##### #.#


You could see an iron imp (summoned), Natasha (fast), 2 orcs and a goblin.

Vanquished Creatures
  2 adders (D:2)
  2 dart slugs
  4 orcs
  5 ball pythons
  7 endoplasms
  A giant cockroach (D:2)
  5 goblins
  3 hobgoblins
  2 jackals (D:2)
  A quokka (D:2)
  5 bats
  3 frilled lizards
  7 kobolds
  5 rats
52 creatures vanquished.

Notes
Turn   | Place    | Note
-------+----------+-------------------------------------------
     0 | D:1      | Alacron the Troll Berserker began the quest for the Orb.
     0 | D:1      | Reached XP level 1. HP: 22/22 MP: 0/0
   344 | D:1      | Reached XP level 2. HP: 29/29 MP: 1/1
   436 | D:1      | Found Kavaosiv's General Store.
   859 | D:2      | Reached XP level 3. HP: 33/36 MP: 2/2
   906 | D:2      | Reached ** piety under Trog
  1129 | D:2      | Found a sacrificial altar of Ru.
  1324 | D:3      | Reached XP level 4. HP: 44/44 MP: 3/3
  1380 | D:3      | Reached skill level 4 in Unarmed Combat
  1503 | D:3      | Noticed Natasha
  1514 | D:3      | Slain by Natasha

Illustrated notes

Levels and vault maps discovered:
D:1:      kennysheep_arrival_forest, layout_loops_ring, serial_shops,
          nicolae_shop_waterfront, minmay_misc_feat_plants
D:2:      minmay_evil_eye, layout_basic, basic_altar
D:3:      layout_loops_ring, uniq_natasha

Skill      XL: |  1  2  3  4 |
---------------+-------------+-----
Dodging        | 3 |  3.0
Unarmed Combat | 4 |  4.0
Fighting       | |  2.9

Action                   |  1- 3 |  4- 6 || total
-------------------------+-------+-------++-------
Melee: Unarmed           |   100 |    25 ||   125
Armor: Animal skin       |    44 |     9 ||    53
Dodge: Dodged            |    46 |    17 ||    63
